 Dungeon Sprint DCSS version 0.17-a0-1718-g72dbe4d (webtiles) character file.

173667 Kidiri the Ninja (level 16, 0/69 HPs)
             Began as a Spriggan Enchanter on Aug 26, 2015.
             Was the Champion of Dithmenos.
             Slain by a stone giant (34 damage)
             ... in the Dungeon (Sprint III: "The Ten Rune Challenge").
             The game lasted 01:14:08 (12584 turns).

Kidiri the Ninja (Spriggan Enchanter)              Turns: 12584, Time: 01:14:08

Health: 0/69       AC: 12    Str:  6    XL:     16   Next: 87%
Magic:  34/60      EV: 47    Int: 26    God:    Dithmenos [******]
Gold:   5716       SH:  0    Dex: 30    Spells: 15 memorised, 12 levels left

rFire  . . .     SeeInvis +     P - +6 dagger "Beetlebane" {pain, Int+2 Stlth+}
rCold  + + .     Clarity  +     L - +1 robe {rC+}
rNeg   + . .     SustAt   .     (shield restricted)
rPois  +         Gourm    .     e - +3 hat of Pondering {ponderous, MR+ MP+10 Int+5}
rElec  +         Spirit   .     k - +2 cloak
rCorr  .         Warding  .     (gloves unavailable)
rMut   .         NoTele   +     (boots unavailable)
MR     ++...                    I - amulet "Etegeig" {Clar rPois rF- MR- Dex+8}
Stlth  ++++++++++               C - ring of wizardry
                                u - ring "Vyumuise" {+Inv +Fly rN+ Dex+3}

@: wreathed by umbra, very quick, very resistant to hostile enchantments,
uncannily stealthy
A: unfitting armour, rugged brown scales 1, slimy green scales 1, see invisible,
berserk 2, clumsy 1, cold resistance 1, fire resistance 1, herbivore 3, speed 3,
high mp 1, electricity resistance, slow metabolism 2, strong 1
a: Shadow Step, Shadow Form, Renounce Religion, Evoke Invisibility, Evoke Flight
}: 2/10 runes: serpentine, barnacled


You were in the Dungeon.
You worshipped Dithmenos.
Dithmenos was exalted by your worship.
You were not hungry.

You visited 1 branch You collected 6833 gold pieces.
You spent 1117 gold pieces at shops.

Inventory:

Hand weapons
 P - the +6 dagger "Beetlebane" (weapon) {pain, Int+2 Stlth+}
   (You found it in the Dungeon)

   In the hands of one skilled in necromantic magic, it inflicts extra damage on
   living creatures.
   It affects your intelligence (+2).
   It makes you more stealthy.
Missiles
 f - 6 throwing nets (quivered)
Armour
 e - the +3 hat of Pondering (worn) {ponderous, MR+ MP+10 Int+5}
   (You took it off Gastronok in the Dungeon)

   It affects your intelligence (+5).
   It affects your resistance to hostile enchantments.
   It affects your magic capacity (+10).
 k - a +2 cloak (worn)
 L - a +1 robe of cold resistance (worn)
Jewellery
 u - the ring "Vyumuise" (left hand) {+Inv +Fly rN+ Dex+3}
   (You took it off a deep elf demonologist in the Dungeon)

   [ring of flight]

   It affects your dexterity (+3).
   It protects you from negative energy.
   It lets you turn invisible.
   It lets you fly.
 C - a ring of wizardry (right hand)
 I - the amulet "Etegeig" (around neck) {Clar rPois rF- MR- Dex+8}
   (You took it off a deep elf high priest in the Dungeon)

   [amulet of clarity]

   It provides mental clarity.
   It affects your dexterity (+8).
   It makes you vulnerable to fire.
   It protects you from poison.
   It affects your resistance to hostile enchantments.
Magical devices
 a - a wand of slowing (17)
 b - a wand of disintegration (14)
 x - a wand of polymorph (10)
 B - a wand of magic darts (16)
 D - a wand of teleportation (3)
Scrolls
 j - 2 scrolls of blinking
 l - a scroll of holy word
 n - 3 scrolls of remove curse
 v - 3 scrolls of amnesia {unknown}
 w - 2 scrolls of silence {unknown}
 E - a scroll of enchant weapon {unknown}
 H - a scroll of fog {unknown}
 O - a scroll of enchant armour {unknown}
Potions
 d - 2 potions of agility {unknown}
 g - a potion of haste
 h - 2 potions of magic
 i - a potion of berserk rage
 m - a potion of might
 p - 3 potions of cure mutation
 q - a potion of flight {unknown}
 r - 6 potions of curing
 z - a potion of resistance {unknown}
 J - a potion of cancellation {unknown}
 K - a potion of brilliance {unknown}
 M - a potion of lignification {unknown}
 N - a potion of invisibility {unknown}
Miscellaneous
 t - a quad damage
Comestibles
 c - 28 royal jellies
 o - 12 fruits


   Skills:
 + Level 17.2 Short Blades
 O Level 27 Dodging
 O Level 27 Stealth
 * Level 24.7 Spellcasting
 + Level 12.7 Conjurations
 + Level 18.9 Hexes
 + Level 16.4 Translocations
 + Level 19.1 Transmutations
 + Level 13.7 Ice Magic
 + Level 14.5 Earth Magic
 - Level 3.0 Invocations


You had 12 spell levels left.
You knew the following spells:

 Your Spells              Type           Power        Failure   Level  Hunger
a - Corona                Hex            #######      0%          1    None
b - Ensorcelled Hibernat  Hex/Ice        ######       0%          2    None
c - Confuse               Hex            #######.     0%          3    None
d - Tukima's Dance        Hex            #######.     0%          3    None
e - Dazzling Spray        Conj/Hex       #######.     0%          3    None
f - Stoneskin             Trmt/Erth      #######.     0%          2    None
g - Stone Arrow           Conj/Erth      ######       0%          3    None
h - Passwall              Trmt/Erth      #######...   0%          3    None
i - Petrify               Trmt/Erth      #######.     0%          4    None
j - Lee's Rapid Deconstr  Erth           #######...   1%          5    None
k - Passage of Golubria   Tloc           N/A          0%          4    None
l - Darkness              Hex            #######...   1%          6    None
m - Invisibility          Hex            #######.     1%          6    None
n - Ozocubu's Armour      Chrm/Ice       ######..     1%          3    None
o - Condensation Shield   Ice            #######...   1%          4    None


Dungeon Overview and Level Annotations

Branches:
Dungeon (1/1)

Altars:
Cheibriados
Dithmenos
Elyvilon
Fedhas
Gozag
Kikubaaqudgha
Makhleb
Nemelex Xobeh
Okawaru
Qazlal
Ru
Sif Muna
Trog
Vehumet
Xom
Yredelemnul
Zin
The Shining One
Jiyva
Lugonu

Shops:
D }?(:%[%}[%!!}%[:?!(=[=[(

Annotations:
D Geryon


Innate Abilities, Weirdness & Mutations

You are tiny and cannot use many weapons and most armour.
You have supernaturally acute eyesight.
You are a herbivore.
You cover ground extremely quickly.
You need consume almost no food.
You are partially covered in rugged brown scales (AC +1, +3% HP).
You are partially covered in slimy green scales (AC +2).
You often lose your temper in combat.
You are clumsy. (Dex -2)
Your flesh is cold resistant.
Your flesh is heat resistant.
You have an increased reservoir of magic (+10% MP).
You are resistant to electric shocks.
Your muscles are strong. (Str +2)


Message History

Casting: Ensorcelled Hibernation
Confirm with . or Enter, or press ? or * to list all spells.
Aiming: Stone Arrow
Press: ? - help, Shift-Dir - straight line, f/p - stone giant
Aim: a stone giant (lightly wounded, umbra)
The stone arrow hits the stone giant.
The stone giant is lightly wounded.
Your shadow mimicks your spell!
The shadow shard hits the stone giant.
The stone giant completely misses you.
Geryon winds a great silver horn.
Unknown command.
Casting: Stone Arrow
Confirm with . or Enter, or press ? or * to list all spells.
Aiming: Stone Arrow
Press: ? - help, Shift-Dir - straight line, f/p - stone giant
Aim: a stone giant (moderately wounded, umbra)
The stone arrow hits the stone giant.
The stone giant is heavily wounded.
The stone giant hits you!!
You die...

#........#+###.......#
#(......≈#≈≈≈##.....##
#)≈....()#+#+###...###
####++####.#.# ##+####
#..+.....#+#####.≈≈≈+#
###+###############.#..+∩∩#.≈≈.#.
...(.(.....#..(# ##.####∩∩#.≈≈.##
...C((.....#2c2###...###(.#..≈.#
.C..((....c22c2C@..:...+..+..≈≈+
.....((..&.#..C###...###..#≈≈≈.#
...........#...# ##.##∩#..#.(..#
####+##############.#..#..####+##
#......#+#+##..#.#.#.#
#.).)..#.+..+..+#.#%#.
#..)...#.####..#.#.#.#
#.).)..+.#)########▓▓▓
#......###.#.§.§§..▓..


You could see Geryon, 2 stone giants, 5 hell beasts and 3 yaktaurs.

Vanquished Creatures
  Mara (D)
  Mennas (D)
  Boris (D)
  Frederick (D)
  Sigmund (D)
  Nikola (D)
  Rupert (D)
  2 liches (D)
  3 deep elf blademasters (D)
  An Executioner (D)
  2 sphinxes (D)
  Polyphemus (D)
  An ancient champion (D)
  Gastronok (D)
  Chuck (D)
  A storm dragon (D)
  2 shadow dragons (D)
  4 azure jellies (D)
  Roxanne (D)
  A greater naga (D)
  Ilsuiw (D)
  2 draconian knights (D)
  Maud (D)
  Nessos (D)
  2 deep elf demonologists (D)
  Azrael (D)
  A yellow draconian (D)
  A deep elf annihilator (D)
  2 dire elephants (D)
  A merfolk javelineer (D)
  Snorg (D)
  A deep elf death mage (D)
  3 vault guards (D)
  A fire dragon (D)
  6 mummy priests (D)
  A deep elf high priest (D)
  2 hell beasts (D)
  2 hydras (D)
  A naga warrior (D)
  4 yaktaur captains (D)
  An ogre mage (D)
  4 death yaks (D)
  2 centaur warriors (D)
  4 dancing weapons (D)
  An alligator (shapeshifter) (D)
  5 anacondas (D)
  2 soul eaters (D)
  5 titan zombies (D)
  2 sun demons (D)
  2 deep elf knights (D)
  An iron golem (D)
  4 hell knights (D)
  4 skeletal warriors (D)
  2 ice devils (D)
  A death drake (D)
  A shadow wraith (D)
  A golden dragon zombie (D)
  A sea snake (D)
  An unseen horror (D)
  2 deep elf summoners (D)
  An anaconda zombie (D)
  A swamp dragon (shapeshifter) (D)
  An obsidian statue (D)
  A lindwurm (D)
  A giant orange brain (D)
  A spriggan druid (D)
  A deep elf conjurer (D)
  3 ugly things (D)
  2 oklob plants (D)
  A wolf spider (shapeshifter) (D)
  An orc knight (D)
  4 crystal guardians (D)
  A shining eye (D)
  A hornet (D)
  An iron troll simulacrum (D)
  2 elephants (D)
  A molten gargoyle (D)
  2 spiny frogs (D)
  8 statues (D)
  7 black mambas (D)
  A guardian serpent (D)
  Edmund (D)
  An orange crystal statue (D)
  A yaktaur (D)
  A komodo dragon (D)
  2 deep elf priests (D)
  3 wandering mushrooms (D)
  A queen bee (D)
  A fire drake (D)
  9 guardian mummies (D)
  4 spriggan defenders (D)
  8 blink frogs (D)
  9 slime creatures (D)
  3 orc high priests (D)
  2 spriggans (D)
  A shadow (D)
  3 redbacks (D)
  A golden eye (D)
  A spatial vortex (D)
  2 nagas (D)
  A fire dragon simulacrum (D)
  A swamp drake (D)
  3 water moccasins (D)
  4 orc warriors (D)
  2 black mamba simulacra (D)
  2 centaurs (D)
  2 wasps (D)
  A necrophage (D)
  An earth elemental (D)
  2 brain worms (D)
  A water elemental (D)
  32 killer bees (D)
  4 electric eels (D)
  4 orc priests (D)
  A jelly (D)
  Crazy Yiuf (D)
  Jessica (D)
  3 orc wizards (D)
  A polar bear simulacrum (D)
  A wizard (D)
  3 sheep (D)
  2 necromancers (D)
  A kobold demonologist (D)
  3 humans (D)
  5 adders (D)
  A giant eyeball (D)
  An ooze (D)
  6 orcs (D)
  A giant newt (D)
  2 rats (D)
  2 bushes (D)
  23 plants (D)
323 creatures vanquished.

Vanquished Creatures (collateral kills)
  2 vampire knights (D)
2 creatures vanquished.

Vanquished Creatures (others)
  2 draconian scorchers (D)
  A mummy priest (D)
  3 yaktaurs (D)
  12 plants (D)
18 creatures vanquished.

Grand Total: 343 creatures vanquished

Notes
Turn   | Place    | Note
--------------------------------------------------------------
     0 | D        | Kidiri the Spriggan Enchanter began the quest for the Orb.
     0 | D        | Reached XP level 1. HP: 9/9 MP: 5/5
    24 | D        | Reached skill level 5 in Stealth
    57 | D        | Noticed Jessica
    70 | D        | Killed Jessica
    70 | D        | Reached skill level 5 in Dodging
    70 | D        | Reached skill level 6 in Stealth
    70 | D        | Reached XP level 2. HP: 10/13 MP: 5/8
    70 | D        | Reached XP level 3. HP: 12/16 MP: 5/9
    82 | D        | Learned a level 2 spell: Ensorcelled Hibernation
    86 | D        | Learned a level 3 spell: Confuse
    90 | D        | Learned a level 3 spell: Tukima's Dance
   104 | D        | Killed a yaktaur
   164 | D        | Noticed Crazy Yiuf
   167 | D        | Killed Crazy Yiuf
   167 | D        | Reached skill level 7 in Stealth
   206 | D        | Killed a white draconian scorcher
   298 | D        | Killed a yaktaur
   323 | D        | Killed a yaktaur
   334 | D        | Killed a white draconian scorcher
   379 | D        | Reached skill level 5 in Spellcasting
   379 | D        | Reached skill level 5 in Hexes
   379 | D        | Reached skill level 1 in Ice Magic
   379 | D        | Reached XP level 4. HP: 21/21 MP: 6/12
   384 | D        | Learned a level 3 spell: Dazzling Spray
   409 | D        | Gained mutation: Your flesh is cold resistant. [potion of mutation]
   409 | D        | Gained mutation: You are partially covered in slimy green scales (AC +2). [potion of mutation]
   410 | D        | Gained mutation: You are partially covered in rugged brown scales (AC +1, +3% HP). [potion of mutation]
   410 | D        | Gained mutation: You are clumsy. (Dex -2) [potion of mutation]
   410 | D        | Gained mutation: Your muscles are strong. (Str +2) [potion of mutation]
   411 | D        | Gained mutation: You tend to lose your temper in combat. [potion of mutation]
   411 | D        | Gained mutation: You are resistant to electric shocks. [potion of mutation]
   411 | D        | Gained mutation: You often lose your temper in combat. [potion of mutation]
   430 | D        | Noticed a water elemental
   433 | D        | Killed a water elemental
   433 | D        | Reached skill level 8 in Stealth
   444 | D        | Noticed a jelly
   445 | D        | Noticed a shadow
   447 | D        | Killed a shadow
   447 | D        | Reached skill level 9 in Dodging
   447 | D        | Reached skill level 10 in Stealth
   447 | D        | Reached XP level 5. HP: 24/24 MP: 14/16
   447 | D        | Reached XP level 6. HP: 28/28 MP: 14/17
   451 | D        | Killed a jelly
   470 | D        | Found a stormy altar of Qazlal.
   471 | D        | Found a sacrificial altar of Ru.
   471 | D        | Found a burning altar of Makhleb.
   471 | D        | Found a viscous altar of Jiyva.
   471 | D        | Found a shimmering altar of Xom.
   471 | D        | Found a shadowy altar of Dithmenos.
   471 | D        | Found a sparkling altar of Nemelex Xobeh.
   471 | D        | Found a corrupted altar of Lugonu.
   471 | D        | Found an opulent altar of Gozag.
   471 | D        | Noticed a spatial vortex
   475 | D        | Became a worshipper of Dithmenos the Shadowed
   490 | D        | Killed a spatial vortex
   490 | D        | Reached skill level 5 in Short Blades
   490 | D        | Reached skill level 10 in Dodging
   490 | D        | Reached skill level 11 in Stealth
   490 | D        | Reached skill level 1 in Invocations
   606 | D        | Found a radiant altar of Vehumet.
   607 | D        | Found a deep blue altar of Sif Muna.
   607 | D        | Found an ancient bone altar of Kikubaaqudgha.
   607 | D        | Noticed a wizard
   608 | D        | Killed a wizard
   621 | D        | Learned a level 2 spell: Stoneskin
   625 | D        | Learned a level 3 spell: Stone Arrow
   629 | D        | Learned a level 3 spell: Passwall
   639 | D        | Found a glowing silver altar of Zin.
   640 | D        | Found a glowing golden altar of the Shining One.
   640 | D        | Found a white marble altar of Elyvilon.
   640 | D        | Noticed a deep elf priest
   642 | D        | Killed a deep elf priest
   642 | D        | Reached skill level 1 in Earth Magic
   642 | D        | Reached XP level 7. HP: 32/32 MP: 18/20
   657 | D        | Found an iron altar of Okawaru.
   658 | D        | Found a bloodstained altar of Trog.
   658 | D        | Noticed a human
   658 | D        | Noticed a human
   660 | D        | Killed a human
   660 | D        | Reached skill level 12 in Stealth
   661 | D        | Killed a human
   661 | D        | Reached XP level 8. HP: 37/37 MP: 20/22
   682 | D        | Learned a level 4 spell: Petrify
   682 | D        | Found a snail-covered altar of Cheibriados.
   682 | D        | Noticed a necrophage
   683 | D        | Found a basalt altar of Yredelemnul.
   683 | D        | Found a blossoming altar of Fedhas.
   683 | D        | Noticed a necromancer
   684 | D        | Killed a necrophage
   684 | D        | Acquired Dithmenos's first power
   685 | D        | Killed a necromancer
   704 | D        | Noticed Snorg
   751 | D        | Killed Snorg
   751 | D        | Reached skill level 13 in Stealth
   751 | D        | Reached skill level 10 in Spellcasting
   882 | D        | Noticed an earth elemental
  1123 | D        | Killed an earth elemental
  1123 | D        | Reached XP level 9. HP: 40/40 MP: 1/24
  1254 | D        | Noticed a centaur
  1254 | D        | Noticed a centaur warrior
  1254 | D        | Noticed a centaur
  1259 | D        | Killed a centaur warrior
  1259 | D        | Reached skill level 14 in Stealth
  1259 | D        | Reached skill level 5 in Transmutations
  1259 | D        | Reached skill level 5 in Ice Magic
  1260 | D        | Killed a centaur
  1260 | D        | Acquired Dithmenos's second power
  1263 | D        | Killed a centaur
  1292 | D        | Learned a level 5 spell: Lee's Rapid Deconstruction
  1371 | D        | Noticed an unseen horror
  1373 | D        | Killed an unseen horror
  1389 | D        | Noticed a killer bee
  1389 | D        | Noticed a killer bee
  1389 | D        | Noticed a killer bee
  1389 | D        | Noticed a killer bee
  1389 | D        | Noticed a killer bee
  1389 | D        | Noticed a killer bee
  1389 | D        | Noticed a killer bee
  1389 | D        | Noticed a killer bee
  1389 | D        | Noticed a killer bee
  1389 | D        | Noticed a killer bee
  1389 | D        | Noticed a killer bee
  1389 | D        | Noticed a killer bee
  1389 | D        | Noticed a killer bee
  1389 | D        | Noticed a killer bee
  1389 | D        | Noticed a killer bee
  1390 | D        | Noticed a killer bee
  1390 | D        | Noticed a killer bee
  1390 | D        | Noticed a killer bee
  1390 | D        | Noticed a killer bee
  1390 | D        | Noticed a killer bee
  1390 | D        | Noticed a killer bee
  1390 | D        | Noticed a killer bee
  1390 | D        | Noticed a killer bee
  1390 | D        | Noticed a killer bee
  1390 | D        | Noticed a killer bee
  1390 | D        | Noticed a killer bee
  1390 | D        | Noticed a queen bee
  1390 | D        | Noticed a killer bee
  1390 | D        | Noticed a killer bee
  1390 | D        | Noticed a killer bee
  1390 | D        | Noticed a killer bee
  1390 | D        | Noticed a killer bee
  1390 | D        | Noticed a killer bee
  1391 | D        | Killed a killer bee
  1392 | D        | Killed a killer bee
  1395 | D        | Killed a killer bee
  1395 | D        | Acquired Dithmenos's third power
  1397 | D        | Killed a killer bee
  1400 | D        | Killed a killer bee
  1400 | D        | Reached skill level 15 in Stealth
  1404 | D        | Killed a killer bee
  1406 | D        | Killed a killer bee
  1409 | D        | Killed a killer bee
  1411 | D        | Killed a killer bee
  1413 | D        | Killed a killer bee
  1413 | D        | Acquired Dithmenos's fourth power
  1417 | D        | Killed a killer bee
  1556 | D        | Killed a killer bee
  1558 | D        | Killed a killer bee
  1558 | D        | Reached skill level 5 in Conjurations
  1560 | D        | Killed a killer bee
  1560 | D        | Reached XP level 10. HP: 42/45 MP: 12/26
  1562 | D        | Killed a killer bee
  1564 | D        | Killed a killer bee
  1566 | D        | Killed a killer bee
  1568 | D        | Killed a killer bee
  1570 | D        | Killed a killer bee
  1707 | D        | Killed a killer bee
  1710 | D        | Killed a killer bee
  1711 | D        | Killed a killer bee
  1714 | D        | Killed a killer bee
  1716 | D        | Killed a killer bee
  1718 | D        | Killed a killer bee
  1718 | D        | Reached skill level 5 in Earth Magic
  1720 | D        | Killed a killer bee
  1722 | D        | Killed a killer bee
  1724 | D        | Killed a killer bee
  1726 | D        | Killed a killer bee
  1728 | D        | Killed a killer bee
  1730 | D        | Killed a killer bee
  1733 | D        | Killed a killer bee
  1736 | D        | Killed a queen bee
  1925 | D        | Noticed a wandering mushroom
  1943 | D        | Noticed a wandering mushroom
  1943 | D        | Noticed a wandering mushroom
  1946 | D        | Killed a wandering mushroom
  1948 | D        | Killed a wandering mushroom
  1953 | D        | Killed a wandering mushroom
  2187 | D        | Noticed a spiny frog
  2187 | D        | Noticed a komodo dragon
  2187 | D        | Noticed a spiny frog
  2192 | D        | Killed a spiny frog
  2192 | D        | Reached skill level 10 in Hexes
  2194 | D        | Killed a spiny frog
  2194 | D        | Reached skill level 15 in Dodging
  2194 | D        | Reached skill level 16 in Stealth
  2196 | D        | Killed a komodo dragon
  2227 | D        | Noticed a redback
  2229 | D        | Killed a redback
  2230 | D        | Noticed a brain worm
  2234 | D        | Killed a brain worm
  2239 | D        | Noticed a brain worm
  2241 | D        | Killed a brain worm
  2245 | D        | Noticed a lindwurm
  2247 | D        | Noticed a redback
  2248 | D        | Killed a lindwurm
  2250 | D        | Killed a redback
  2254 | D        | Noticed a redback
  2255 | D        | Killed a redback
  2256 | D        | Noticed Maud
  2259 | D        | Killed Maud
  2259 | D        | Reached skill level 17 in Stealth
  2259 | D        | Reached XP level 11. HP: 48/48 MP: 29/29
  2262 | D        | Noticed an electric eel
  2263 | D        | Noticed a four-headed hydra
  2263 | D        | Noticed a six-headed hydra
  2266 | D        | Killed an electric eel
  2268 | D        | Killed a four-headed hydra
  2269 | D        | Killed a six-headed hydra
  2300 | D        | Noticed a death drake
  2302 | D        | Killed a death drake
  2314 | D        | Found a blossoming altar of Fedhas.
  2314 | D        | Noticed a spriggan
  2314 | D        | Noticed a spriggan druid
  2314 | D        | Noticed a spriggan
  2316 | D        | Killed a spriggan druid
  2317 | D        | Killed a spriggan
  2318 | D        | Killed a spriggan
  2354 | D        | Noticed Polyphemus
  2355 | D        | Noticed Ilsuiw
  2378 | D        | Killed Polyphemus
  2378 | D        | Reached skill level 18 in Stealth
  2497 | D        | Killed Ilsuiw
  2497 | D        | Reached skill level 10 in Short Blades
  2497 | D        | Reached skill level 10 in Transmutations
  2505 | D        | Found Seneguci's Antique Armour Emporium.
  2505 | D        | Found Okeonaomn's Food Shop.
  2505 | D        | Found Difiashri's Gadget Shoppe.
  2505 | D        | Noticed a sea snake
  2505 | D        | Noticed a merfolk javelineer
  2507 | D        | Killed a sea snake
  2513 | D        | Killed a merfolk javelineer
  2513 | D        | Reached skill level 15 in Spellcasting
  2513 | D        | Reached XP level 12. HP: 52/52 MP: 15/32
  2528 | D        | Got a barnacled rune of Zot
  2612 | D        | Noticed a swamp drake
  2612 | D        | Noticed a fire drake
  2613 | D        | Killed a fire drake
  2615 | D        | Killed a swamp drake
  2626 | D        | Noticed a blink frog
  2626 | D        | Noticed a blink frog
  2626 | D        | Noticed a blink frog
  2626 | D        | Noticed a blink frog
  2627 | D        | Noticed a blink frog
  2628 | D        | Killed a blink frog
  2629 | D        | Killed a blink frog
  2631 | D        | Killed a blink frog
  2631 | D        | Reached skill level 19 in Stealth
  2634 | D        | Killed a blink frog
  2636 | D        | Killed a blink frog
  2673 | D        | Noticed Rupert
  2675 | D        | Killed Rupert
  2697 | D        | Noticed a death yak
  2698 | D        | Noticed a death yak
  2698 | D        | Noticed a blink frog
  2699 | D        | Noticed an azure jelly
  2699 | D        | Noticed a death yak
  2699 | D        | Noticed an azure jelly
  2699 | D        | Noticed a blink frog
  2699 | D        | Noticed a death yak
  2700 | D        | Killed a death yak
  2701 | D        | Killed a blink frog
  2704 | D        | Noticed a blink frog
  2705 | D        | Killed a death yak
  2712 | D        | Killed a blink frog
  2718 | D        | Killed a blink frog
  2940 | D        | Noticed a black mamba
  2945 | D        | Killed a black mamba
  2949 | D        | Noticed a black mamba
  2951 | D        | Killed a black mamba
  2982 | D        | Killed a death yak
  2988 | D        | Killed a death yak
  2988 | D        | Reached skill level 20 in Stealth
  3127 | D        | Noticed an anaconda
  3128 | D        | Noticed an anaconda
  3128 | D        | Noticed an anaconda
  3128 | D        | Noticed a water moccasin
  3128 | D        | Noticed a water moccasin
  3128 | D        | Noticed a black mamba
  3129 | D        | Killed an anaconda
  3130 | D        | Killed an anaconda
  3131 | D        | Noticed a black mamba
  3132 | D        | Killed an anaconda
  3136 | D        | Killed a black mamba
  3146 | D        | Killed a black mamba
  3150 | D        | Killed a water moccasin
  3156 | D        | Killed a water moccasin
  3234 | D        | Noticed an anaconda
  3234 | D        | Noticed a black mamba
  3235 | D        | Noticed a water moccasin
  3235 | D        | Noticed an anaconda
  3236 | D        | Killed an anaconda
  3237 | D        | Killed a black mamba
  3240 | D        | Killed an anaconda
  3240 | D        | Reached XP level 13. HP: 56/56 MP: 29/34
  3241 | D        | Killed a water moccasin
  3262 | D        | Noticed a black mamba
  3262 | D        | Noticed a black mamba
  3264 | D        | Killed a black mamba
  3270 | D        | Killed a black mamba
  3327 | D        | Noticed a naga
  3327 | D        | Noticed a naga
  3328 | D        | Noticed a naga warrior
  3328 | D        | Noticed a greater naga
  3328 | D        | Found Fioghaw's Gadget Boutique.
  3328 | D        | Found Kumac's Magic Scroll Emporium.
  3329 | D        | Killed a naga
  3330 | D        | Killed a naga
  3331 | D        | Found Oviuvua's Antique Weapon Shop.
  3332 | D        | Killed a greater naga
  3332 | D        | Reached skill level 21 in Stealth
  3333 | D        | Killed a naga warrior
  3346 | D        | Noticed a guardian serpent
  3348 | D        | Killed a guardian serpent
  3351 | D        | Got a serpentine rune of Zot
  3433 | D        | Noticed an azure jelly
  3433 | D        | Noticed an azure jelly
  3434 | D        | Noticed an elephant
  3434 | D        | Noticed an elephant
  3434 | D        | Noticed a dire elephant
  3434 | D        | Noticed a dire elephant
  3434 | D        | Noticed Gastronok
  3436 | D        | Killed Gastronok
  3437 | D        | Killed a dire elephant
  3439 | D        | Killed a dire elephant
  3447 | D        | Killed an elephant
  3451 | D        | Killed an elephant
  3462 | D        | Gained mutation: Your flesh is heat resistant. [potion of mutation]
  3462 | D        | Gained mutation: You have an increased reservoir of magic (+10% MP). [potion of mutation]
  3528 | D        | Noticed Sigmund
  3528 | D        | Noticed Edmund
  3541 | D        | Killed Edmund
  3548 | D        | Killed Sigmund
  3548 | D        | Reached skill level 22 in Stealth
  3620 | D        | Noticed an orc wizard
  3620 | D        | Noticed an orc warrior
  3621 | D        | Noticed an orc warrior
  3621 | D        | Noticed an orc warrior
  3621 | D        | Noticed an orc priest
  3621 | D        | Noticed an orc priest
  3621 | D        | Noticed an orc knight
  3621 | D        | Noticed an orc wizard
  3621 | D        | Noticed an orc wizard
  3621 | D        | Noticed an orc priest
  3621 | D        | Noticed an orc warrior
  3621 | D        | Found Rokh's Book Shop.
  3622 | D        | Killed an orc warrior
  3625 | D        | Killed an orc wizard
  3627 | D        | Killed an orc priest
  3628 | D        | Killed an orc wizard
  3631 | D        | Killed an orc priest
  3631 | D        | Killed an orc priest
  3633 | D        | Killed an orc warrior
  3634 | D        | Killed an orc knight
  3637 | D        | Killed an orc warrior
  3638 | D        | Killed an orc warrior
  3644 | D        | Killed an orc wizard
  3741 | D        | Bought a book of Burglary for 975 gold pieces
  3746 | D        | Learned a level 4 spell: Passage of Golubria
  3753 | D        | Learned a level 6 spell: Darkness
  3760 | D        | Learned a level 6 spell: Invisibility
  3818 | D        | Noticed a deep elf priest
  3818 | D        | Noticed a deep elf knight
  3818 | D        | Noticed a deep elf knight
  3818 | D        | Noticed a deep elf summoner
  3818 | D        | Noticed a deep elf summoner
  3830 | D        | Killed a deep elf knight
  3839 | D        | Killed a deep elf knight
  3839 | D        | Reached skill level 1 in Translocations
  3904 | D        | Killed a deep elf summoner
  4027 | D        | Killed a deep elf priest
  4031 | D        | Noticed a deep elf demonologist
  4036 | D        | Killed a deep elf summoner
  4082 | D        | Noticed a deep elf high priest
  4084 | D        | Noticed an Ice Fiend
  4085 | D        | Killed a deep elf demonologist
  4086 | D        | Noticed a deep elf annihilator
  4202 | D        | Got a flickering wooden ring
  4210 | D        | Noticed a deep elf death mage
  4219 | D        | Noticed a deep elf demonologist
  4238 | D        | Killed a deep elf high priest
  4273 | D        | Noticed a deep elf conjurer
  4285 | D        | Killed a deep elf demonologist
  4285 | D        | Reached skill level 10 in Earth Magic
  4287 | D        | Killed a deep elf conjurer
  4364 | D        | Killed a deep elf annihilator
  4439 | D        | Killed a deep elf death mage
  4439 | D        | Reached XP level 14. HP: 60/60 MP: 40/41
  4596 | D        | Noticed a deep elf blademaster
  4619 | D        | Killed a deep elf blademaster
  4619 | D        | Reached skill level 10 in Ice Magic
  4633 | D        | Identified the Catalogue of Beguiling (You found it in the Dungeon)
  4636 | D        | Got a transparent cloak
  4647 | D        | Identified the cursed +0 cloak "Viqar" {MP+9} (You found it in the Dungeon)
  4649 | D        | Identified the ring "Vyumuise" {+Inv +Fly rN+ Dex+3} (You took it off a deep elf demonologist in the Dungeon)
  4657 | D        | Identified Sif Muna's Compendium of Dusty Orientation
  4677 | D        | Got a twitching bronze amulet
  4721 | D        | Identified the amulet "Etegeig" {Clar rPois rF- MR- Dex+8} (You took it off a deep elf high priest in the Dungeon)
  4733 | D        | Got an agate-encrusted leather armour
  4901 | D        | Noticed an orc high priest
  4901 | D        | Noticed an orc priest
  4902 | D        | Noticed an orc high priest
  4902 | D        | Noticed an orc high priest
  4903 | D        | Killed an orc high priest
  4904 | D        | Killed an orc priest
  4906 | D        | Killed an orc high priest
  4907 | D        | Killed an orc high priest
  4907 | D        | Reached skill level 23 in Stealth
  4932 | D        | Noticed an orange crystal statue
  4936 | D        | Noticed a spriggan defender
  4937 | D        | Noticed a spriggan defender
  4937 | D        | Noticed a spriggan defender
  4937 | D        | Noticed a spriggan defender
  4938 | D        | Killed a spriggan defender
  4945 | D        | Killed a spriggan defender
  4946 | D        | Killed a spriggan defender
  4949 | D        | Killed a spriggan defender
  5159 | D        | Noticed a green ugly thing
  5162 | D        | Killed a green ugly thing
  5162 | D        | Reached skill level 5 in Translocations
  5178 | D        | Noticed a slime creature
  5179 | D        | Noticed a swamp dragon
  5180 | D        | Killed a slime creature
  5182 | D        | Killed a swamp dragon
  5202 | D        | Noticed a slime creature
  5202 | D        | Noticed a slime creature
  5204 | D        | Killed a slime creature
  5206 | D        | Killed a slime creature
  5217 | D        | Noticed a centaur warrior
  5217 | D        | Noticed a wolf spider
  5217 | D        | Noticed an alligator
  5219 | D        | Killed an alligator
  5221 | D        | Killed a wolf spider
  5223 | D        | Killed a centaur warrior
  5232 | D        | Noticed a fire dragon
  5234 | D        | Killed a fire dragon
  5263 | D        | Noticed a mace of protection
  5263 | D        | Noticed a hand axe of freezing
  5264 | D        | Noticed a mace of draining
  5265 | D        | Noticed a mace of protection
  5266 | D        | Killed a mace of draining
  5268 | D        | Killed a mace of protection
  5270 | D        | Killed a mace of protection
  5273 | D        | Killed a hand axe of freezing
  5279 | D        | Got a pitted rapier
  5280 | D        | Identified the +5 rapier of Sosh {pierce, +Fly rPois rF- rC+} (You found it in the Dungeon)
  5345 | D        | Killed an orange crystal statue
  5508 | D        | Found Pocow's Distillery.
  5508 | D        | Found Weatz's Jewellery Shop.
  5508 | D        | Found Ecsextor's Antique Weapon Shoppe.
  5508 | D        | Found Keps's Magic Scroll Boutique.
  5508 | D        | Found Suicica's Antique Weapon Emporium.
  5508 | D        | Found Ymehegg's Antique Armour Shop.
  5508 | D        | Found Etimarips's Jewellery Emporium.
  5508 | D        | Found Kioj Kato's Antique Armour Boutique.
  5509 | D        | Found Buvau's Book Boutique.
  5509 | D        | Found Zeihi Duomu's Armour Shoppe.
  5509 | D        | Found Meigang's Food Shop.
  5509 | D        | Found Zamucell's Gadget Emporium.
  5554 | D        | Bought a sheer robe for 142 gold pieces
  5564 | D        | Identified the +1 robe of Abstinence {rPois MR- Str+10 Int-3} (You bought it in a shop in the Dungeon)
  5603 | D        | Noticed a crystal guardian
  5603 | D        | Noticed a crystal guardian
  5603 | D        | Noticed a crystal guardian
  5603 | D        | Noticed a crystal guardian
  5604 | D        | Killed a crystal guardian
  5606 | D        | Killed a crystal guardian
  5608 | D        | Killed a crystal guardian
  5610 | D        | Killed a crystal guardian
  5647 | D        | Noticed a yaktaur
  5648 | D        | Noticed a yaktaur captain
  5648 | D        | Noticed a yaktaur captain
  5648 | D        | Noticed a yaktaur captain
  5649 | D        | Killed a yaktaur
  5651 | D        | Killed a yaktaur captain
  5653 | D        | Killed a yaktaur captain
  5655 | D        | Killed a yaktaur captain
  5655 | D        | Reached skill level 24 in Stealth
  5655 | D        | Reached skill level 15 in Hexes
  5707 | D        | Noticed Azrael
  5871 | D        | Killed Azrael
  6073 | D        | Noticed a cyan ugly thing
  6073 | D        | Noticed a cyan ugly thing
  6074 | D        | Noticed a slime creature
  6074 | D        | Noticed a yaktaur captain
  6075 | D        | Killed a cyan ugly thing
  6077 | D        | Killed a cyan ugly thing
  6079 | D        | Killed a slime creature
  6103 | D        | Killed a yaktaur captain
  6361 | D        | Noticed a slime creature
  6361 | D        | Noticed a slime creature
  6369 | D        | Killed a slime creature
  6370 | D        | Killed a slime creature
  6371 | D        | Noticed Chuck
  6377 | D        | Killed Chuck
  6409 | D        | Learned a level 3 spell: Ozocubu's Armour
  6414 | D        | Learned a level 4 spell: Condensation Shield
  6570 | D        | Noticed Frederick
  6576 | D        | Killed Frederick
  6576 | D        | Reached skill level 10 in Conjurations
  6599 | D        | Noticed a lich
  6601 | D        | Killed a lich
  6601 | D        | Reached skill level 15 in Transmutations
  6612 | D        | Noticed a shadow dragon
  6613 | D        | Noticed an ogre mage
  6613 | D        | Noticed a shadow dragon
  6614 | D        | Killed a shadow dragon
  6615 | D        | Killed an ogre mage
  6615 | D        | Reached skill level 25 in Stealth
  6617 | D        | Killed a shadow dragon
  6617 | D        | Reached XP level 15. HP: 64/64 MP: 44/44
  6637 | D        | Noticed an obsidian statue
  6647 | D        | Killed an obsidian statue
  6846 | D        | Noticed a skeletal warrior
  6847 | D        | Noticed an iron golem
  6848 | D        | Killed a skeletal warrior
  6849 | D        | Killed an iron golem
  6853 | D        | Noticed a necromancer
  6855 | D        | Killed a necromancer
  6866 | D        | Noticed a hell knight
  7075 | D        | Noticed a hell knight
  7076 | D        | Noticed a hell knight
  7076 | D        | Noticed a hell knight
  7077 | D        | Killed a hell knight
  7078 | D        | Killed a hell knight
  7080 | D        | Killed a hell knight
  7081 | D        | Killed a hell knight
  7089 | D        | Noticed a lich
  7091 | D        | Killed a lich
  7091 | D        | Reached skill level 10 in Translocations
  7104 | D        | Noticed a sphinx
  7104 | D        | Noticed a sphinx
  7105 | D        | Noticed a guardian mummy
  7105 | D        | Noticed a mummy priest
  7114 | D        | Killed a sphinx
  7130 | D        | Killed a mummy priest
  7136 | D        | Killed a sphinx
  7137 | D        | Killed a guardian mummy
  7311 | D        | Noticed a guardian mummy
  7312 | D        | Noticed a mummy priest
  7312 | D        | Noticed a guardian mummy
  7313 | D        | Killed a guardian mummy
  7315 | D        | Killed a guardian mummy
  7316 | D        | Noticed a guardian mummy
  7316 | D        | Noticed a mummy priest
  7317 | D        | Killed a mummy priest
  7318 | D        | Noticed a guardian mummy
  7318 | D        | Noticed a mummy priest
  7319 | D        | Killed a guardian mummy
  7320 | D        | Noticed a guardian mummy
  7321 | D        | Killed a mummy priest
  7321 | D        | Reached skill level 26 in Stealth
  7455 | D        | Killed a mummy priest
  7491 | D        | Killed a guardian mummy
  7492 | D        | Noticed a mummy priest
  7493 | D        | Killed a guardian mummy
  7821 | D        | Noticed a mummy priest
  7822 | D        | Noticed a guardian mummy
  7823 | D        | Killed a mummy priest
  7825 | D        | Killed a mummy priest
  7964 | D        | Noticed a guardian mummy
  7965 | D        | Killed a guardian mummy
  8008 | D        | Noticed a guardian mummy
  8011 | D        | Killed a guardian mummy
  8014 | D        | Killed a guardian mummy
  8469 | D        | Noticed a skeletal warrior
  8486 | D        | Killed a skeletal warrior
  8653 | D        | Killed an azure jelly
  8698 | D        | Killed an azure jelly
  8782 | D        | Killed an azure jelly
  8784 | D        | Killed an azure jelly
  8798 | D        | Noticed an acid blob
  8798 | D        | Noticed a shining eye
  8798 | D        | Noticed a shining eye
  9348 | D        | Noticed a black mamba simulacrum
  9348 | D        | Noticed a fire dragon simulacrum
  9348 | D        | Noticed a polar bear simulacrum
  9348 | D        | Killed a black mamba simulacrum
  9349 | D        | Killed a fire dragon simulacrum
  9350 | D        | Killed a polar bear simulacrum
  9376 | D        | Got a twisted dagger
  9377 | D        | Identified the +6 dagger "Beetlebane" {pain, Int+2 Stlth+} (You found it in the Dungeon)
  9481 | D        | Noticed a fire elementalist statue
  9481 | D        | Noticed a water elementalist statue
  9481 | D        | Noticed an earth elementalist statue
  9481 | D        | Noticed an air elementalist statue
  9483 | D        | Killed a water elementalist statue
  9484 | D        | Killed a fire elementalist statue
  9523 | D        | Killed an air elementalist statue
  9526 | D        | Killed an earth elementalist statue
  9588 | D        | Noticed a titan zombie
  9590 | D        | Killed a titan zombie
  9590 | D        | Reached skill level 15 in Short Blades
  9593 | D        | Noticed a titan zombie
  9595 | D        | Killed a titan zombie
  9603 | D        | Found Wicvic's Armour Emporium.
  9603 | D        | Found Fegiekle's Distillery.
  9603 | D        | Found Fejeh's Food Shop.
  9603 | D        | Found Ledojiz's Distillery.
  9603 | D        | Noticed an oklob plant
  9604 | D        | Noticed an oklob plant
  9605 | D        | Killed an oklob plant
  9606 | D        | Killed an oklob plant
  9613 | D        | Noticed Roxanne
  9619 | D        | Killed Roxanne
  9624 | D        | Identified Roxanne's Incunabulum of Transmutation (You took it off Roxanne in the Dungeon)
  9699 | D        | Found Gidd's Food Boutique.
  9699 | D        | Noticed an iron troll simulacrum
  9702 | D        | Killed an iron troll simulacrum
  9723 | D        | Noticed a vault guard
  9723 | D        | Noticed a green draconian knight
  9723 | D        | Noticed a vault guard
  9723 | D        | Noticed a vault guard
  9723 | D        | Noticed a white draconian knight
  9741 | D        | Noticed a shadow wraith
  9741 | D        | Noticed a skeletal warrior
  9741 | D        | Noticed a mummy priest
  9743 | D        | Killed a skeletal warrior
  9744 | D        | Noticed a skeletal warrior
  9748 | D        | Killed a shadow wraith
  9757 | D        | Killed a mummy priest
  9757 | D        | Reached skill level 27 in Stealth
  9856 | D        | Killed a skeletal warrior
  9910 | D        | Noticed a black mamba simulacrum
  9910 | D        | Killed a black mamba simulacrum
 10299 | D        | Noticed a wasp
 10303 | D        | Killed a wasp
 10309 | D        | Noticed a hornet
 10314 | D        | Killed a hornet
 10319 | D        | Noticed a wasp
 10321 | D        | Killed a wasp
 10348 | D        | Noticed a large slime creature
 10348 | D        | Noticed a slime creature
 10348 | D        | Noticed a slime creature
 10348 | D        | Noticed a slime creature
 10349 | D        | Killed a slime creature
 10351 | D        | Killed a large slime creature
 10357 | D        | Killed a large slime creature
 10492 | D        | Noticed a molten gargoyle
 10492 | D        | Noticed a vampire knight
 10492 | D        | Noticed Mara
 10492 | D        | Noticed a vampire knight
 10494 | D        | Killed Mara
 10494 | D        | Reached XP level 16. HP: 69/69 MP: 47/47
 10496 | D        | Killed a molten gargoyle
 10501 | D        | Killed a vampire knight
 10504 | D        | Killed a vampire knight
 10601 | D        | Noticed an ancient champion
 10602 | D        | Killed an ancient champion
 10700 | D        | Noticed a titan zombie
 10700 | D        | Noticed an anaconda zombie
 10701 | D        | Noticed a titan zombie
 10701 | D        | Noticed Boris
 10701 | D        | Noticed a titan zombie
 10701 | D        | Noticed a golden dragon zombie
 10702 | D        | Killed a titan zombie
 10704 | D        | Killed Boris
 10705 | D        | Killed a titan zombie
 10706 | D        | Killed an anaconda zombie
 10707 | D        | Killed a titan zombie
 10708 | D        | Killed a golden dragon zombie
 10858 | D        | Noticed an electric eel
 10858 | D        | Noticed an electric eel
 10859 | D        | Noticed Nikola
 10859 | D        | Noticed an electric eel
 10859 | D        | Noticed a storm dragon
 10860 | D        | Killed an electric eel
 10862 | D        | Killed a storm dragon
 10864 | D        | Killed Nikola
 10865 | D        | Killed an electric eel
 10867 | D        | Killed an electric eel
 11120 | D        | Noticed Mennas
 11121 | D        | Noticed a pristine statue
 11121 | D        | Noticed a pristine statue
 11121 | D        | Noticed a pristine statue
 11121 | D        | Noticed a pristine statue
 11122 | D        | Killed Mennas
 11127 | D        | Killed a pristine statue
 11134 | D        | Killed a pristine statue
 11285 | D        | Killed a pristine statue
 11289 | D        | Killed a pristine statue
 11289 | D        | Reached skill level 27 in Dodging
 11289 | D        | Reached skill level 15 in Translocations
 11387 | D        | Killed a vault guard
 11388 | D        | Killed a vault guard
 11389 | D        | Killed a vault guard
 11391 | D        | Killed a green draconian knight
 11392 | D        | Killed a white draconian knight
 11635 | D        | Noticed an Executioner
 11638 | D        | Killed an Executioner
 11652 | D        | Noticed Nessos
 11654 | D        | Killed Nessos
 11658 | D        | Noticed a yellow draconian
 11659 | D        | Noticed a golden eye
 11659 | D        | Noticed a shining eye
 11659 | D        | Noticed a giant orange brain
 11660 | D        | Killed a yellow draconian
 11662 | D        | Killed a shining eye
 11663 | D        | Killed a giant orange brain
 11664 | D        | Killed a golden eye
 11674 | D        | Noticed a deep elf blademaster
 11674 | D        | Noticed a deep elf blademaster
 11706 | D        | Killed a deep elf blademaster
 11707 | D        | Killed a deep elf blademaster
 12382 | D        | Noticed an ice devil
 12382 | D        | Noticed a hell beast
 12382 | D        | Noticed a sun demon
 12382 | D        | Noticed a sun demon
 12382 | D        | Noticed a hell beast
 12382 | D        | Noticed a soul eater
 12383 | D        | Noticed a soul eater
 12383 | D        | Noticed an ice devil
 12384 | D        | Killed a sun demon
 12385 | D        | Killed a hell beast
 12387 | D        | Killed a soul eater
 12389 | D        | Killed an ice devil
 12403 | D        | Killed an ice devil
 12408 | D        | Killed a soul eater
 12413 | D        | Killed a sun demon
 12415 | D        | Killed a hell beast
 12548 | D        | Noticed a stone giant
 12548 | D        | Noticed a stone giant
 12549 | D        | Noticed Geryon
 12550 | D        | Noticed a yaktaur
 12550 | D        | Noticed a yaktaur
 12550 | D        | Noticed a yaktaur
 12550 | D        | Noticed a yaktaur
 12550 | D        | Noticed a yaktaur captain
 12550 | D        | Noticed a yaktaur
 12550 | D        | Noticed a yaktaur
 12550 | D        | Noticed a yaktaur
 12550 | D        | Noticed a yaktaur
 12584 | D        | Slain by a stone giant

Vault maps used:
D:        dungeon_sprint_mu

Action                   |  1- 3 |  4- 6 |  7- 9 | 10-12 | 13-15 | 16-18 || total
-------------------------+-------+-------+-------+-------+-------+-------++-------
Melee: Dagger            |    22 |    15 |    41 |    83 |   234 |   501 ||   896
       Short sword       |       |       |       |       |   150 |       ||   150
 Cast: Corona            |     1 |       |       |       |       |       ||     1
       Ensorcelled Hiber |     4 |       |    24 |    39 |    18 |    13 ||    98
       Confuse           |     1 |       |       |     5 |     2 |     1 ||     9
       Dazzling Spray    |       |     5 |    30 |    22 |    88 |     8 ||   153
       Stone Arrow       |       |       |       |       |    86 |    21 ||   107
       Passwall          |       |       |       |       |     8 |       ||     8
       Tukima's Dance    |       |       |       |       |     3 |    10 ||    13
       Invisibility      |       |       |       |       |     7 |     4 ||    11
       Passage of Golubr |       |       |       |       |     2 |       ||     2
       Lee's Rapid Decon |       |       |       |       |    17 |    15 ||    32
       Condensation Shie |       |       |       |       |     3 |     2 ||     5
       Ozocubu's Armour  |       |       |       |       |     2 |     2 ||     4
       Stoneskin         |       |       |       |       |     1 |       ||     1
Invok: Shadow Step       |       |       |       |    16 |    34 |    10 ||    60
 Abil: Evoke Flight      |       |       |       |       |     7 |     1 ||     8
       Evoke Invisibilit |       |       |       |       |       |     1 ||     1
  Use: Potion            |     1 |     3 |     1 |       |     6 |       ||    11
       Scroll            |       |     2 |       |       |     1 |     1 ||     4
 Stab: Sleeping          |     2 |     6 |    22 |    67 |    93 |    32 ||   222
       Confused          |     1 |       |       |       |       |       ||     1
       Invisible         |       |       |       |     5 |    17 |       ||    22
  Eat: Bread ration      |       |       |       |     1 |     1 |       ||     2
       Fruit             |       |       |       |       |     1 |     5 ||     6
